 Dungeon Crawl Stone Soup version 0.20.1-1-g8b1a95d (console) character file.

8873 hilaritas the Gouger (level 11, -7/81 HPs)
             Began as a Felid Berserker on Nov 8, 2017.
             Was a High Priest of Trog.
             Mangled by a yak (14 damage)
             ... on level 12 of the Dungeon.
             The game lasted 00:32:02 (13964 turns).

hilaritas the Gouger (Felid Berserker)             Turns: 13964, Time: 00:32:03

Health: -7/81      AC:  2    Str: 21    XL:     11   Next: 15%
Magic:  12/12      EV: 26    Int:  8    God:    Trog [*****.]
Gold:   424        SH:  0    Dex: 17    Spells: 10/10 levels left
                                        Lives:  0   Deaths: 3

rFire    . . .     SeeInvis +     - Unarmed
rCold    + . .     Gourm    .   (shield unavailable)
rNeg     . . .     Faith    .   (armour unavailable)
rPois    .         Spirit   .   (helmet unavailable)
rElec    .         Reflect  .   (cloak unavailable)
rCorr    .         Harm     .   (gloves unavailable)
MR       +++..                  (boots unavailable)
Stlth    ..........             (no amulet)
Regen    1.3/turn               e - ring of protection from cold
MPRegen  0.2/turn               (no ring)

@: berserking, regenerating, very quick
A: no armour, no weapons or thrown items, stealth, claws 1, fangs 3, see
invisible, carnivore 3, speed 1, shaggy fur 2, slow metabolism 1, sharp paws
a: Berserk, Trog's Hand, Brothers in Arms, Burn Spellbooks, Renounce Religion


You were on level 12 of the Dungeon.
You worshipped Trog.
Trog was extremely pleased with you.
You were very full.

You visited 1 branch of the dungeon, and saw 12 of its levels.

You collected 586 gold pieces.
You spent 162 gold pieces at shops.

Inventory:

Jewellery
 e - a ring of protection from cold (left paw)
 h - an uncursed amulet of rage
 n - an uncursed ring of magical power
 q - an uncursed ring of ice
 x - an uncursed amulet of harm
Wands
 o - a wand of polymorph (16/24)
 r - a wand of clouds (6/9)
 y - a wand of iceblast (0/15)
 B - a wand of flame (0/48)
 D - a wand of flame (21/48)
Scrolls
 c - 5 scrolls of identify
 d - 4 scrolls of teleportation
 i - a scroll of fear
 m - 2 scrolls of blinking
 u - 4 scrolls of remove curse
 v - 4 scrolls of magic mapping
 F - a scroll of recharging
Potions
 b - 2 potions of might
 g - a potion of cancellation
 j - a potion of mutation
 k - 3 potions of curing
 s - 3 potions of lignification
 t - 2 potions of agility
 w - a potion of haste
 z - a potion of ambrosia
 A - 2 potions of resistance
 C - a potion of magic {unknown}
 E - a potion of invisibility {unknown}
 G - a potion of flight {unknown}
Books
 l - a book of Minor Magic

   Spells                             Type                      Level
   a - Magic Dart                     Conjuration                  1
   b - Blink                          Translocation                2
   c - Call Imp                       Summoning                    2
   d - Slow                           Hexes                        2
   e - Conjure Flame                  Conjuration/Fire             3
   f - Mephitic Cloud                 Conjuration/Poison/Air       3
   Trog disapproves of the use of such an item.
Comestibles
 a - 6 meat rations
 f - 8 royal jellies
 p - a chunk of flesh


   Skills:
 + Level 10.2 Fighting
 - Level 10.4 Dodging
 - Level 10.7 Stealth
 * Level 13.0 Unarmed Combat


You had 10 spell levels left.
You didn't know any spells.

Dungeon Overview and Level Annotations

Branches:
Dungeon (12/15)            Temple (0/1) D:4            Lair (0/6) D:11
    Orc (0/2) D:12

Altars:
Ashenzari
Cheibriados
Elyvilon
Fedhas
Gozag
Hepliaklqana
Kikubaaqudgha
Makhleb
Nemelex Xobeh
Okawaru
Sif Muna
Trog
Xom
Zin
The Shining One
Beogh

Shops:
D:5 [(   D:6 *


Innate Abilities, Weirdness & Mutations

You cannot wear armour.
You are incapable of wielding weapons or throwing items.
Your paws allow you to move quietly. (Stealth)
You have sharp claws.
You have razor-sharp teeth.
You have supernaturally acute eyesight. (SInv)
You are carnivorous and can eat meat at any time.
You cover ground quickly.
You are covered in thick fur. (AC +2)
You have a slow metabolism.
Your sharp claws are effective at attacking unaware monsters.


Message History

You scratch the yak. You claw the yak!
The yak is moderately wounded.
The yak completely misses you. The yak misses you.
A red film seems to cover your vision as you go berserk!
You feel yourself moving faster!
You feel mighty!
You feel a lot less full. The yak gores you!
* * * LOW HITPOINT WARNING * * *
The yak gores you!
* * * LOW HITPOINT WARNING * * *
The yak completely misses you.
You mangle the yak!!
You kill the yak!
Trog accepts your kill.
Your Unarmed Combat skill increases to level 13!
The yak barely misses you.
The orc throws a tomahawk.
The tomahawk completely misses you.
You claw the yak!
The yak is moderately wounded.
The yak gores you!
You die...

............<#
##..........##
#.........##
..........##
.........##
.#.#......##
#..........#
#.........##
#........# ...
#.>.....### K.K.#
##......#@## ..(..
#.......YY†## #(#...
#.........#o##......
.............#..##..
....................
....................
....................
....................
....................
...................
..................


You could see 2 yaks and an orc.

Vanquished Creatures
  3 two-headed ogres
  An unseen horror (D:10)
  The ghost of urutzu the Grappler, a novice DrTm of Sif Muna (D:8)
  Psyche (D:8)
  A gargoyle (D:12)
  3 trolls (D:10)
  Prince Ribbit (D:8)
  Grinder (D:5)
  5 hippogriffs
  A wraith (D:12)
  9 yaks
  A human (D:9)
  A wyvern (D:11)
  2 hogs (D:9)
  A hungry ghost (D:7)
  The ghost of Ymberto the Magician, an amateur DEEE (D:4)
  A water moccasin (D:8)
  4 black bears
  13 orc warriors
  3 sky beasts
  An ice beast (D:5)
  A necrophage (D:10)
  5 ogres
  A phantom (D:10)
  5 centaurs
  A crocodile (D:9)
  2 big kobolds
  5 bullfrogs
  A wyvern zombie (D:10)
  Blork the orc (D:4)
  3 scorpions
  A wyvern skeleton (D:6)
  10 killer bees
  4 howler monkeys (D:9)
  A quasit (D:9)
  A centaur zombie (D:6)
  3 crimson imps
  7 orc priests
  A bullfrog zombie (D:6)
  A gnoll shaman (D:6)
  5 centaur skeletons
  6 hounds
  2 jellies
  10 orc wizards
  A bullfrog skeleton (D:9)
  3 iguanas
  2 worker ants
  Natasha (thrice) (D:4)
  2 hound skeletons (D:11)
  3 worker ant zombies
  8 adders
  13 gnolls
  A howler monkey skeleton (D:5)
  6 shadow imps
  5 oozes
  3 worms
  An adder zombie (D:6)
  2 dart slugs
  12 leopard geckos
  77 orcs
  A ball python (D:4)
  7 giant cockroaches
  7 goblins
  7 hobgoblins
  6 jackals
  5 quokkas
  5 bats
  14 frilled lizards
  16 kobolds
  A quokka zombie (D:8)
  9 rats
352 creatures vanquished.

Vanquished Creatures (others)
  A hippogriff (D:9)
  An orc warrior (D:9)
  A sky beast (D:9)
  An ogre (D:9)
  A howler monkey (D:9)
  2 orc priests (D:9)
  2 adders (D:9)
  A quokka (D:9)
10 creatures vanquished.

Grand Total: 362 creatures vanquished

Notes
Turn   | Place    | Note
-------+----------+-------------------------------------------
     0 | D:1      | hilaritas the Felid Berserker began the quest for the Orb.
     0 | D:1      | Reached XP level 1. HP: 10/10 MP: 2/2
   198 | D:1      | Reached XP level 2. HP: 12/14 MP: 3/3
   211 | D:1      | Reached skill level 1 in Stealth
   480 | D:1      | Reached skill level 4 in Unarmed Combat
   716 | D:1      | Reached XP level 3. HP: 17/17 MP: 4/4
   801 | D:1      | Reached ** piety under Trog
  1225 | D:2      | Reached XP level 4. HP: 21/21 MP: 5/5
  1687 | D:2      | Reached skill level 5 in Unarmed Combat
  1733 | D:2      | Found an opulent altar of Gozag.
  1733 | D:2      | Found a sparkling altar of Nemelex Xobeh.
  1980 | D:2      | Found a faded altar of an unknown god.
  2494 | D:3      | Reached XP level 5. HP: 24/24 MP: 6/6
  2510 | D:3      | Found a blossoming altar of Fedhas.
  2715 | D:3      | Found a snail-covered altar of Cheibriados.
  2880 | D:3      | Found a burning altar of Makhleb.
  3033 | D:4      | Noticed Ymberto's ghost (amateur DEEE)
  3051 | D:4      | Killed Ymberto's ghost
  3051 | D:4      | Reached skill level 6 in Unarmed Combat
  3088 | D:4      | Noticed Blork the orc
  3100 | D:4      | Killed Blork the orc
  3100 | D:4      | Gained mutation: You are covered in thick fur. (AC +2) [Felid growth]
  3100 | D:4      | Reached XP level 6. HP: 24/28 MP: 7/7
  3340 | D:4      | Found a staircase to the Ecumenical Temple.
  3345 | D:4      | Noticed Natasha
  3353 | D:4      | Killed Natasha
  3478 | D:4      | Found a white marble altar of Elyvilon.
  3966 | D:4      | Noticed Natasha
  4012 | D:4      | Killed Natasha
  4012 | D:4      | Reached skill level 7 in Unarmed Combat
  5142 | D:4      | Noticed Natasha
  5149 | D:4      | Killed Natasha
  5212 | D:5      | Entered Level 5 of the Dungeon
  5293 | D:5      | Reached XP level 7. HP: 31/31 MP: 8/8
  5377 | D:5      | Found Nostra Isiu's Armour Shoppe.
  5515 | D:5      | Reached skill level 5 in Stealth
  5521 | D:5      | Noticed Grinder
  5524 | D:5      | Killed Grinder
  5524 | D:5      | Reached skill level 8 in Unarmed Combat
  5911 | D:5      | Found Isuk's Antique Weapon Shop.
  5948 | D:5      | Found a bloodstained altar of Trog.
  6161 | D:6      | Reached skill level 9 in Unarmed Combat
  6161 | D:6      | Reached XP level 8. HP: 34/34 MP: 9/9
  6372 | D:6      | Found Azemanod's Assorted Antiques.
  6377 | D:6      | Reached *** piety under Trog
  6458 | D:6      | Bought a scroll labeled RIDAER ICZANN for 28 gold pieces
  6458 | D:6      | Bought a black potion for 25 gold pieces
  6458 | D:6      | Bought a potion of curing for 84 gold pieces
  6458 | D:6      | Bought a silvery potion for 25 gold pieces
  7149 | D:6      | Reached skill level 10 in Unarmed Combat
  7282 | D:6      | Found a glowing golden altar of the Shining One.
  7286 | D:6      | Found a glowing silver altar of Zin.
  7327 | D:7      | Found an ancient bone altar of Kikubaaqudgha.
  7558 | D:7      | Reached skill level 5 in Dodging
  7787 | D:7      | Reached XP level 9. HP: 39/39 MP: 10/10
  7888 | D:7      | Found a hazy altar of Hepliaklqana.
  8514 | D:8      | Reached skill level 5 in Fighting
  8610 | D:8      | Noticed Psyche
  8627 | D:8      | Killed Psyche
  8639 | D:8      | Noticed urutzu's ghost (novice DrTm)
  8667 | D:8      | Slain by urutzu's ghost
  8668 | D:8      | Reached XP level 8. HP: -2/55 MP: 9/9
  8718 | D:8      | Killed urutzu's ghost
  8718 | D:8      | Reached skill level 10 in Stealth
  8718 | D:8      | Reached XP level 9. HP: 39/41 MP: 10/10
  8800 | D:8      | HP: 2/63 [orc/trident of venom (5)]
  8802 | D:8      | Reached **** piety under Trog
  9022 | D:8      | Noticed Prince Ribbit
  9051 | D:8      | HP: 2/42 [poisoned by an orc warrior]
  9069 | D:8      | Mangled by an orc warrior
  9070 | D:8      | Reached XP level 8. HP: -7/39 MP: 9/9
  9098 | D:8      | Killed Prince Ribbit
  9118 | D:8      | Found a roughly hewn altar of Beogh.
  9620 | D:8      | Found a shattered altar of Ashenzari.
  9626 | D:8      | Found an iron altar of Okawaru.
  9916 | D:9      | Killed a hippogriff
  9917 | D:9      | Reached XP level 9. HP: 43/43 MP: 10/10
  9953 | D:9      | Found a shimmering altar of Xom.
 10377 | D:9      | Noticed a two-headed ogre
 10388 | D:9      | Killed a two-headed ogre
 10388 | D:9      | Reached skill level 10 in Dodging
 10691 | D:9      | Found a burning altar of Makhleb.
 10874 | D:9      | Reached XP level 10. HP: 31/49 MP: 11/11
 11266 | D:9      | Noticed a two-headed ogre
 11271 | D:9      | Killed a two-headed ogre
 11400 | D:10     | Entered Level 10 of the Dungeon
 11497 | D:10     | Reached skill level 10 in Fighting
 11519 | D:10     | Slain by a hippogriff
 11520 | D:10     | Reached XP level 9. HP: -2/69 MP: 10/10
 11576 | D:10     | Noticed an unseen horror
 11589 | D:10     | Killed an unseen horror
 11589 | D:10     | Reached ***** piety under Trog
 11826 | D:10     | Reached XP level 10. HP: 41/51 MP: 11/11
 11914 | D:10     | Found a deep blue altar of Sif Muna.
 12391 | D:10     | Reached skill level 11 in Unarmed Combat
 12743 | D:10     | HP: 2/51 [troll (14)]
 12872 | D:10     | Noticed a two-headed ogre
 12879 | D:10     | Killed a two-headed ogre
 13037 | D:11     | Reached skill level 12 in Unarmed Combat
 13339 | D:11     | Found a staircase to the Lair.
 13430 | D:11     | Reached XP level 11. HP: 22/54 MP: 12/12
 13920 | D:12     | Found a staircase to the Orcish Mines.
 13963 | D:12     | Reached skill level 13 in Unarmed Combat
 13964 | D:12     | Mangled by a yak

Skill      XL: |  1  2  3  4  5  6  7  8  9 10 11 |
---------------+----------------------------------+-----
Stealth        | 1 2 3 4 6 10 9 | 10.7
Unarmed Combat | 4 5 6 7 9 10 12 13 | 13.0
Fighting       | 7 8 10 | 10.2
Dodging        | 8 10 | 10.4

Action                   |  1- 3 |  4- 6 |  7- 9 | 10-12 || total
-------------------------+-------+-------+-------+-------++-------
Melee: Unarmed           |   103 |   133 |   519 |   266 ||  1021
       Bite              |    10 |    12 |    68 |    38 ||   128
       Punch             |     1 |     1 |    36 |    12 ||    50
Invok: Berserk           |     2 |       |     7 |     7 ||    16
       Trog's Hand       |     1 |     2 |    14 |     4 ||    21
Evoke: Wand              |       |       |     1 |    14 ||    15
  Use: Scroll            |       |     9 |    10 |     1 ||    20
       Potion            |       |       |     7 |     6 ||    13
 Stab: Sleeping          |     2 |    13 |    14 |     9 ||    38
       Distracted        |       |       |     2 |     1 ||     3
  Eat: Chunk             |     9 |     9 |    39 |    12 ||    69
Armor: Skin              |     4 |     3 |    17 |    14 ||    38
Dodge: Dodged            |    79 |    67 |   445 |   215 ||   806
